Map: Glittering Ashes LE

Players

GuMiho

  • Race: Terran Terran

Zoun - Winner!

  • Race: Protoss Protoss
  • League: Master

Event: TSL 8

VOD

Have the link to the VOD?

Description

Time

  • Played on: Nov. 28, 2021, 6:47 a.m.
  • Length: 20:20

All games in this series

Show
View Real Time Build Order
Export as new Build Order

GuMiho Terran 

Build Orders:  

Get SALT Encoding   

  12  0:00  SCV  
  13  0:12  SCV  
  14  0:18  Supply Depot  
  14  0:24  SCV  
  15  0:39  SCV  
  15  0:40  Barracks  
  16  0:46  Refinery  
  16  0:51  SCV  
  16  0:56  Refinery  
  17  1:04  SCV  
  18  1:16  SCV  
  19  1:27  Reaper  
  19  1:28  Orbital Command  
  20  1:43  Factory  
  20  1:48  Supply Depot  
  20  1:53  SCV  
  21  1:59  Reaper  
  22  2:01  Bunker  
  22  2:05  SCV  
  23  2:17  SCV  
  23  2:28  Hellion  
  23  2:29  SCV  
  26  2:33  Starport  
  26  2:41  SCV  
  27  2:47  Supply Depot  
  27  2:49  Widow Mine  
  29  2:53  SCV  
  30  3:02  Command Center  
  30  3:10  Widow Mine, Medivac  
  30  3:12  SCV  
  35  3:20  Barracks  
  35  3:24  SCV  
  36  3:32  Widow Mine  
  38  3:36  SCV  
  38  3:43  Starport Tech Lab  
  38  3:48  SCV, Barracks  
  38  3:51  Barracks  
  39  3:57  Factory Tech Lab  
  39  4:10  Starport Reactor  
  39  4:12  Barracks Reactor, Engineering Bay  
  39  4:14  SCV  
  38  4:26  SCV  
  38  4:27  Stimpack, Marine  
  38  4:34  Orbital Command  
  38  4:38  SCV  
  33  4:40  Terran Infantry Weapons Level 1  
  33  4:45  Marine  
  34  4:47  Combat Shield, Marine  
  34  4:50  SCV, Marine x2  
  34  4:51  Factory Reactor  
  34  4:52  Marine  
  39  4:54  Marine  
  39  4:56  Orbital Command  
  39  4:58  Starport Reactor  
  40  5:03  SCV, Marine  
  40  5:04  Marine  
  43  5:07  Marine  
  43  5:08  Marine  
  43  5:09  Marine  
  43  5:12  Marine  
  47  5:15  SCV  
  47  5:20  Marine  
  49  5:22  Marine  
  49  5:27  SCV, Marine  
  49  5:28  Marine x2  
  54  5:56  SCV, Medivac  
  54  5:59  Supply Depot  
  54  6:08  Medivac, Marine x6  
  62  6:13  Supply Depot  
  62  6:14  SCV  
  62  6:15  SCV  
  61  6:21  Widow Mine x2  
  61  6:24  Supply Depot  
  65  6:26  SCV  
  65  6:28  SCV, Marine x3  
  70  6:34  Marine  
  70  6:37  Marine x2  
  70  6:38  SCV  
  69  6:42  Widow Mine x2, SCV  
  69  6:46  Supply Depot  
  74  6:48  Marine x3  
  74  6:50  SCV  
  74  6:51  Terran Infantry Armor Level 1  
  74  6:52  Marine  
  79  6:54  Marine x2  
  79  6:55  Supply Depot  
  79  6:59  Medivac  
  83  7:03  Medivac  
  82  7:12  Marine x2  
  82  7:13  Marauder x2  
  81  7:18  Widow Mine x2  
  81  7:19  SCV x2  
  81  7:20  Marine  
  81  7:21  Marine  
  89  7:31  SCV x2  
  89  7:34  Marauder x2  
  89  7:35  Supply Depot  
  95  7:42  Marine x2  
  94  7:44  SCV x2  
  94  7:45  Marine x2  
  94  7:47  Widow Mine x2  
  102  7:56  Marine  
  102  7:58  Command Center  
  103  8:04  Refinery  
  103  8:06  Supply Depot  
  103  8:08  Armory  
  97  8:23  Marine x3  
  97  8:24  Marine x3  
  99  8:28  Widow Mine x2  
  99  8:39  SCV x2  
  99  8:41  Marine  
  99  8:43  Marine x3  
  99  8:45  Marauder x2  
  105  8:50  Widow Mine x2  
  105  8:51  SCV x2  
  111  8:56  Terran Infantry Weapons Level 2  
  111  8:59  Supply Depot, Medivac  
  113  9:03  SCV x2, Refinery  
  113  9:04  Medivac  
  117  9:11  Orbital Command  
  117  9:14  Marine x3  
  117  9:16  SCV x2  
  117  9:17  Marine  
  121  9:18  Concussive Shells  
  122  9:24  Supply Depot  
  122  9:26  Marine  
  122  9:28  SCV x2  
  124  9:34  Marauder  
  124  9:35  Medivac  
  124  9:37  Medivac  
  124  9:38  SCV  
  131  9:40  SCV x2  
  131  9:43  Missile Turret  
  133  9:50  SCV  
  133  9:52  SCV x2  
  135  10:01  Marine x5  
  135  10:02  SCV  
  135  10:04  SCV x2  
  139  10:14  SCV  
  139  10:16  Marauder, SCV x2  
  139  10:18  Medivac x2  
  139  10:20  Supply Depot  
  148  10:21  Supply Depot  
  148  10:22  Supply Depot  
  148  10:32  Marine  
  149  10:41  Refinery x2  
  149  10:42  Marauder x2, Ghost Academy, Marine x2  
  155  10:43  Supply Depot  
  155  10:44  Supply Depot  
  155  11:00  SCV x2  
  155  11:02  Viking x2  
  161  11:06  SCV  
  161  11:08  Starport  
  161  11:09  Command Center  
  162  11:12  SCV x2  
  164  11:18  Barracks  
  164  11:20  Barracks  
  164  11:21  Terran Infantry Weapons Level 3, Barracks  
  164  11:22  Terran Ship Weapons Level 1  
  164  11:25  SCV x3  
  167  11:35  Ghost  
  167  11:36  Ghost  
  171  11:41  Supply Depot  
  171  11:56  SCV  
  171  12:02  Command Center  
  171  12:04  Missile Turret  
  171  12:05  Viking x4  
  171  12:06  Enhanced Shockwaves  
  179  12:09  Barracks Tech Lab x2  
  179  12:10  Barracks Tech Lab  
  179  12:17  Ghost  
  179  12:23  Ghost  
  180  12:38  Ghost  
  180  12:40  Viking x2  
  184  12:49  Viking  
  184  12:52  SCV x3  
  184  12:53  Refinery  
  187  13:01  Ghost x2  
  191  13:06  Missile Turret  
  191  13:10  Planetary Fortress  
  191  13:13  Refinery  
  190  13:20  Terran Ship Weapons Level 2  
  187  13:31  Planetary Fortress  
  187  13:33  Missile Turret  
  183  13:45  Viking x3  
  183  13:47  SCV x2  
  183  13:48  Marauder x2, SCV  
  193  13:49  Marauder x2, Marine x2  
  193  13:50  Marine  
  200  14:03  Missile Turret  
  198  14:11  Terran Infantry Armor Level 2  
  198  14:22  Ghost  
  200  14:26  Personal Cloaking  
  200  14:29  Fusion Core  
  199  15:18  Advanced Ballistics  
  199  15:22  Command Center  
  199  15:24  Command Center  
  199  15:28  Liberator  
  195  15:34  Liberator x2  
  200  15:48  Command Center  
  200  15:52  Nuke  
  200  15:54  Terran Ship Weapons Level 3  
  200  15:58  Refinery x2  
  200  16:01  Liberator  
  191  16:11  Liberator  
  187  16:17  Liberator, Viking  
  186  16:44  Sensor Tower, Viking  
  186  16:45  Command Center  
  188  16:47  Missile Turret, Viking, Command Center  
  188  16:50  Missile Turret  
  188  16:54  Viking  
  190  16:59  Liberator  
  190  17:01  Planetary Fortress  
  190  17:03  Missile Turret  
  190  17:05  Missile Turret  
  190  17:14  Liberator  
  185  17:20  Liberator  
  183  17:23  Marauder x3, Planetary Fortress, Marine x2  
  183  17:24  Liberator  
  183  17:28  Marauder, Marine x2  
  183  17:29  Marauder  
  200  17:35  Orbital Command  
  198  18:10  Command Center  
  198  18:11  Orbital Command x2  
  195  18:16  Command Center  
  193  18:22  Marauder x2, Marine x4  
  160  18:36  Marine  
  160  18:37  Marauder x2  
  160  18:39  Marine x2  
  160  18:40  Missile Turret, Marine  
  161  18:43  Marauder  
  154  18:57  Marauder, Marine x7  
  154  19:13  Marauder  
  154  19:14  Marine  
  154  19:15  Marine x3  
  157  19:31  Marauder, Marine  
  127  19:46  Marine  
  127  19:47  Marauder, Marine x3  
  127  19:49  Marine  
  113  19:52  Marine  
Show
View Real Time Build Order
Export as new Build Order

Zoun Protoss - Winner!

Build Orders: 1 Gate Expand, Phoenix Opening 

Get SALT Encoding   

  12  0:00  Probe  
  13  0:12  Probe  
  14  0:16  Pylon  
  14  0:24  Probe (Chrono Boost)  
  16  0:36  Gateway, Probe (Chrono Boost)  
  16  0:43  Probe (Chrono Boost)  
  16  0:45  Assimilator  
  17  0:51  Probe  
  18  1:03  Probe  
  19  1:15  Probe  
  20  1:23  Cybernetics Core  
  20  1:34  Nexus  
  20  1:38  Zealot (Chrono Boost)  
  22  1:44  Pylon  
  22  1:47  Probe  
  23  2:02  Stalker (Chrono Boost)  
  23  2:07  Shield Battery  
  25  2:10  Assimilator  
  23  2:26  Probe (Chrono Boost)  
  24  2:31  Adept  
  26  2:41  Probe (Chrono Boost)  
  27  2:45  Probe (Chrono Boost)  
  28  2:53  Probe  
  28  2:54  Stargate  
  28  2:57  Probe (Chrono Boost)  
  29  3:01  Adept  
  31  3:06  Probe (Chrono Boost)  
  33  3:14  Warp Gate, Probe (Chrono Boost)  
  33  3:16  Probe (Chrono Boost)  
  34  3:21  Probe (Chrono Boost)  
  34  3:22  Probe (Chrono Boost)  
  36  3:33  Probe (Chrono Boost)  
  38  3:38  Phoenix (Chrono Boost), Probe (Chrono Boost)  
  38  3:40  Probe (Chrono Boost)  
  41  3:45  Probe  
  41  3:47  Probe  
  43  3:55  Pylon  
  43  3:57  Probe  
  43  4:01  Phoenix (Chrono Boost)  
  46  4:07  Gateway  
  46  4:13  Probe  
  47  4:17  Probe  
  47  4:21  Phoenix  
  50  4:25  Probe  
  50  4:32  Probe  
  50  4:42  Probe  
  50  4:44  Probe  
  52  4:50  Nexus  
  52  4:54  Probe  
  53  5:00  Probe  
  53  5:05  Assimilator  
  54  5:09  Assimilator  
  54  5:11  Pylon  
  54  5:12  Pylon  
  54  5:13  Robotics Facility  
  54  5:24  Pylon  
  54  5:29  Probe x2  
  54  5:32  Phoenix  
  58  5:40  Adept x2  
  58  5:41  Probe  
  58  5:42  Probe  
  60  5:47  Shield Battery  
  60  5:50  Shield Battery  
  60  5:56  Probe x2  
  62  5:58  Immortal (Chrono Boost)  
  62  6:01  Sentry  
  62  6:02  Zealot  
  70  6:06  Robotics Bay  
  70  6:10  Probe x2  
  72  6:20  Probe  
  72  6:22  Probe x2  
  72  6:23  Stalker  
  72  6:24  Stalker  
  79  6:30  Observer  
  80  6:33  Probe  
  80  6:37  Pylon  
  80  6:38  Probe (Chrono Boost), Pylon  
  80  6:39  Probe (Chrono Boost)  
  83  6:45  Probe (Chrono Boost)  
  84  6:47  Phoenix (Chrono Boost)  
  84  6:50  Colossus (Chrono Boost)  
  84  6:52  Pylon  
  93  6:56  Probe (Chrono Boost)  
  93  6:57  Probe (Chrono Boost)  
  93  6:58  Extended Thermal Lance  
  93  7:00  Adept  
  94  7:06  Adept  
  94  7:07  Probe  
  93  7:15  Probe x2  
  92  7:19  Probe  
  92  7:21  Phoenix  
  91  7:26  Observer  
  91  7:27  Probe  
  91  7:29  Twilight Council, Probe  
  93  7:30  Forge  
  93  7:32  Forge  
  93  7:39  Colossus (Chrono Boost)  
  95  7:45  Probe x2  
  95  7:46  Phoenix  
  99  7:55  Probe  
  99  7:57  Probe  
  101  7:58  Stalker x2  
  105  8:06  Photon Cannon  
  105  8:07  Charge  
  105  8:12  Probe  
  107  8:20  Probe x2  
  107  8:25  Probe  
  103  8:29  Zealot x2  
  94  8:36  Probe (Chrono Boost)  
  94  8:37  Probe (Chrono Boost)  
  94  8:38  Probe (Chrono Boost)  
  95  8:44  Warp Prism (Chrono Boost)  
  95  8:47  Probe x3 (Chrono Boost)  
  99  8:51  Probe (Chrono Boost)  
  99  8:53  Zealot x2  
  99  8:54  Protoss Ground Armor Level 1 (Chrono Boost), Protoss Ground Weapons Level 1 (Chrono Boost)  
  104  8:56  Phoenix  
  104  8:57  Probe  
  104  9:00  Probe  
  109  9:02  Probe  
  109  9:09  Probe  
  108  9:10  Pylon  
  108  9:12  Pylon  
  108  9:13  Probe  
  109  9:27  Colossus (Chrono Boost)  
  115  9:33  Assimilator, Probe  
  115  9:35  Assimilator  
  116  9:40  Gateway  
  116  9:42  Gateway  
  116  9:43  Gateway  
  116  9:44  Sentry  
  118  9:47  Gateway  
  118  9:49  Probe x3  
  121  9:58  Pylon  
  121  10:01  Blink  
  121  10:07  Probe x3  
  121  10:10  Photon Cannon  
  124  10:15  Gateway  
  124  10:17  Gateway  
  124  10:18  Gateway, Pylon  
  124  10:27  Zealot x2  
  128  10:31  Templar Archives  
  128  10:33  Pylon  
  128  10:36  Colossus  
  128  10:40  Zealot x2  
  128  10:41  Zealot  
  140  10:46  Pylon  
  140  10:48  Pylon  
  140  10:50  Pylon  
  140  10:58  Photon Cannon, Protoss Ground Weapons Level 2 (Chrono Boost), Pylon x2  
  140  10:59  Protoss Ground Armor Level 2 (Chrono Boost)  
  140  11:09  High Templar  
  140  11:10  High Templar x3  
  148  11:11  High Templar x2  
  148  11:15  Archon x2  
  148  11:16  Archon  
  152  11:26  Pylon  
  152  11:32  Observer  
  153  11:40  Zealot x2  
  153  11:44  Robotics Facility  
  153  11:45  Shield Battery  
  153  11:46  Photon Cannon  
  157  11:52  Disruptor  
  160  11:54  Stalker x5  
  166  12:09  Zealot x4  
  174  12:21  Nexus  
  174  12:28  Disruptor (Chrono Boost)  
  173  12:34  Disruptor (Chrono Boost)  
  173  12:35  Pylon  
  172  12:50  Zealot x2  
  176  12:53  Probe x3  
  179  12:58  Disruptor (Chrono Boost)  
  179  13:02  Observer (Chrono Boost)  
  179  13:05  Probe  
  182  13:09  Protoss Ground Weapons Level 3 (Chrono Boost)  
  182  13:11  Zealot x4  
  182  13:12  Zealot x3  
  196  13:18  Pylon  
  196  13:28  Probe  
  196  13:29  Observer  
  196  13:30  Assimilator x2  
  196  13:31  Dark Shrine  
  196  13:33  Disruptor (Chrono Boost)  
  200  13:35  Probe x2  
  200  13:37  Probe, Disruptor (Chrono Boost)  
  200  13:48  Probe x2  
  194  13:49  Probe, Protoss Ground Armor Level 3 (Chrono Boost)  
  194  13:51  Observer  
  195  13:59  Zealot  
  197  14:03  Disruptor (Chrono Boost)  
  196  14:13  Zealot  
  198  14:27  Disruptor  
  199  14:46  Observer  
  199  14:48  Shadow Stride  
  199  14:50  Nexus  
  199  14:56  Disruptor  
  192  15:00  Pylon  
  192  15:03  Disruptor  
  192  15:04  Zealot x2  
  199  15:20  Gateway  
  199  15:21  Observer  
  191  15:31  Observer  
  192  15:43  Observer x2  
  192  15:44  Protoss Shields Level 1 (Chrono Boost)  
  192  15:47  Gravitic Boosters  
  192  15:49  Shield Battery  
  193  15:51  Photon Cannon  
  193  15:53  Photon Cannon  
  193  15:57  Assimilator  
  190  16:06  Dark Templar x3  
  190  16:07  Dark Templar  
  192  16:15  Dark Templar x4  
  192  16:16  Dark Templar  
  198  16:41  Stargate  
  198  16:43  Fleet Beacon  
  198  16:44  Gravitic Drive  
  198  16:52  Phoenix (Chrono Boost)  
  194  17:08  Stargate  
  187  17:37  Nexus  
  187  17:39  Dark Templar x2  
  187  17:40  Dark Templar x3  
  187  17:42  Protoss Air Weapons Level 1  
  197  18:04  Disruptor (Chrono Boost)  
  195  18:14  Disruptor (Chrono Boost)  
  195  18:22  Stalker x2  
  199  18:30  Observer  
  196  18:51  Void Ray (Chrono Boost)  
  186  19:03  Stargate x2  
  186  19:04  Stargate  
  186  19:07  Stalker  
  186  19:08  Stalker x6  
  185  19:21  Fleet Beacon  
  185  19:34  Stalker x5  
  185  19:35  Stalker x5  
Tags
 
Add a new tag
Caveats
  • Supply blocks, unpowered buildings, or Contaminate may cause inaccurate times.
  • Supply counts are checked every 10 seconds.